 Dungeon Crawl Stone Soup version 0.30.0-29-ga12c61a403 (webtiles) character file.

Game seed: 4046768780623000591

28 Zazubon the Cudgeller (level 3, -6/31 HPs)
             Began as a Minotaur Fighter on June 21, 2023.
             Mangled by a gnoll
             ... wielding a +0 flail
              (9 damage)
             ... on level 2 of the Dungeon.
             The game lasted 00:01:07 (1133 turns).

Zazubon the Cudgeller (Minotaur Fighter)            Turns: 1133, Time: 00:01:08

Health: -6/31      AC: 10    Str: 22    XL:     3   Next: 0%
Magic:  2/2        EV:  9    Int:  5    God:
Gold:   89         SH:  4    Dex:  9    Spells: 2/2 levels left

rFire   . . .        a - +0 flail
rCold   . . .        c - +0 buckler
rNeg    . . .        b - +0 scale mail
rPois   .            (helmet restricted)
rElec   .            (no cloak)
rCorr   .            h - +2 pair of gloves
SInv    .            (no boots)
Will    .....        (no amulet) Stlth
                     (no ring)
HPRegen 0.25/turn    (no ring)
MPRegen 0.08/turn

%: no passive effects
@: no status effects
A: horns 2, retaliatory headbutt
a: no special abilities


You were on level 2 of the Dungeon.
You visited 1 branch of the dungeon, and saw 2 of its levels.

You collected 89 gold pieces.

Inventory:

Hand Weapons
 a - a +0 flail (weapon)
Armour
 b - a +0 scale mail (worn)
 c - a +0 buckler (worn)
 f - a +0 pair of gloves
 h - a +2 pair of gloves (worn)
Scrolls
 g - a scroll of identify {unknown}
 i - a scroll of teleportation {unknown}
 j - a scroll of brand weapon {unknown}
Potions
 d - a potion of might
 e - a potion of ambrosia {unknown}


   Skills:
 - Level 3.6 Fighting
 + Level 4.3 Maces & Flails
 - Level 3.6 Armour
 - Level 3.6 Shields


You had 2 spell levels left.
You didn't know any spells.
Your spell library was empty.

Dungeon Overview and Level Annotations

Branches:
Dungeon (2/15)

Altars:


Innate Abilities, Weirdness & Mutations

You have a pair of horns on your head.
You reflexively headbutt those who attack you in melee.


Message History

Your experience leads to an increase in your attributes!
Increase (S)trength, (I)ntelligence, or (D)exterity?
You feel stronger. x2
Things that are here:
a +0 whip; 5 stones; a kobold corpse You now have 89 gold pieces (gained 10).
Things that are here:
a +0 whip; 5 stones; a kobold corpse
j - a scroll labelled KAH REAFEBBI
There is a stone staircase leading up here.
Found a mace.
You see here a +0 mace.
You see here a +0 mace.
There is a stone staircase leading up here.
You see here a ball python corpse. 2 gnolls come into view.
A gnoll is wielding a +0 flail and quivering poisoned darts.
Found a fuming clear potion.
The gnoll shouts! x2
There are monsters nearby!
You barely miss the gnoll. The gnoll hits you with a +0 flail!
The gnoll drinks a potion.
The gnoll seems to grow stronger.
You closely miss the gnoll. Your headbutt misses the gnoll.
A goblin comes into view. It is wielding a +0 dagger.
A gnoll comes into view. It is wielding a +0 flail.
The gnoll shouts!
The gnoll hits you with a +0 whip. The gnoll hits you with a +0 flail.
The gnoll attacks as you move away! The gnoll hits you with a +0 whip.
The gnoll hits you but does no damage.
The gnoll throws a throwing net.
The throwing net hits you.
You become entangled in the net!
You see here a throwing net.
You tear a large gash into the net.
The gnoll hits you with a +0 flail.
* * * LOW HITPOINT WARNING * * *
You struggle against the net.
The gnoll hits you with a +0 whip.
* * * LOW HITPOINT WARNING * * *
The gnoll barely misses you.
You rip the net and break free!
The gnoll hits you with a +0 whip.
* * * LOW HITPOINT WARNING * * *
The gnoll hits you with a +0 flail!
You die...

.# #.# ### #.######.
... ......P.. #.#
#..P...~~ #.#
#..P..~~~
#.############....~≈≈~
#............@g..♣≈~~≈
#.######.#####g..≈~≈≈≈
#.######.# #g..~≈~≈≈ #
#.##...#.# #g..♣~~~≈
..##.##...#.#
##....~≈≈
....)##...#.# .!.P~~≈
..##.##...#.# ..P.P~~
. #........# .......
####.##...### ...#.#.


You could see 3 gnolls and a goblin.

Vanquished Creatures
  2 dart slugs (D:1)
  3 bats (D:1)
  An endoplasm (D:1)
  3 hobgoblins (D:1)
  3 kobolds
  3 quokkas (D:1)
  2 ball pythons
  A frilled lizard (D:1)
  3 goblins (D:1)
  A rat (D:2)
22 creatures vanquished.

Notes
Turn   | Place    | Note
-------+----------+-------------------------------------------
     0 | D:1      | Zazubon the Minotaur Fighter began the quest for the Orb.
     0 | D:1      | Reached XP level 1. HP: 19/19 MP: 0/0
    36 | D:1      | Reached skill level 3 in Maces & Flails
    87 | D:1      | Reached XP level 2. HP: 26/26 MP: 1/1
   469 | D:1      | Reached skill level 4 in Maces & Flails
  1052 | D:2      | Reached XP level 3. HP: 31/31 MP: 2/2
  1133 | D:2      | Mangled by a gnoll

Illustrated notes

Levels and vault maps discovered:
D:1:      giann_horns, layout_basic, corexii_hall_statues_i
D:2:      layout_basic, guppyfry_early_lair_pool

Skill      XL: |  1  2 |
---------------+-------+-----
Maces & Flails | 3 4 |  4.3
Fighting       | |  3.6
Armour         | |  3.6
Shields        | |  3.6

Action                     || total
---------------------------++-------
  Melee: Flail             ||    38
         Headbutt          ||     4
 Armour: Scale mail        ||    18
  Dodge: Dodged            ||    22
  Block: Buckler           ||     5
